TOP OF THE 1ST |
Evanston Elitists batting - Pitching for Minnesota Death Stars : LHP Will Chapman
|
Pitching: LHP Will Chapman
|
|
Batting: LHB Ronald Gordon
|
0-0: Called Strike 0-1: Ball 1-1: Fly out, F8 (Flyball, 8LM)
|
Batting: SHB Jacob Wilcox
|
0-0: Ball 1-0: Fly out, F9 (Line Drive, 89D)
|
Batting: LHB Jean-Sébastien Beaudin
|
0-0: Ball 1-0: Called Strike 1-1: Swinging Strike 1-2: Ball 2-2: Foul Ball, location: 2F 2-2: Foul Ball, location: 2F 2-2: Ground out 4-3 (Groundball, 4)
|
Top of the 1st over - 0 run(s), 0 hit(s), 0 error(s), 0 left on base; Evanston 0 - Minnesota 0 |
TOP OF THE 2ND |
Evanston Elitists batting - Pitching for Minnesota Death Stars : LHP Will Chapman
|
Batting: RHB Henry Morris
|
0-0: Ball 1-0: Foul Ball, location: 2F 1-1: Ball 2-1: Ball 3-1: Base on Balls
|
Batting: RHB Jerry Browning
|
0-0: Ball 1-0: Foul Ball, location: 2F 1-1: Swinging Strike 1-2: Ball 2-2: Ball 3-2: Foul Ball, location: 2F 3-2: Strikes out swinging Henry Morris is caught stealing 2nd base Batter strikes out.
|
Batting: LHB Alberto Varela
|
0-0: Foul Ball, location: 2F 0-1: Ball 1-1: Ball 2-1: Ball 3-1: Swinging Strike 3-2: Foul Ball, location: 2F 3-2: Foul Ball, location: 2F 3-2: Fly out, F8 (Flyball, 8LXD)
|
Top of the 2nd over - 0 run(s), 0 hit(s), 0 error(s), 0 left on base; Evanston 0 - Minnesota 3 |
BOTTOM OF THE 2ND |
Minnesota Death Stars batting - Pitching for Evanston Elitists : LHP Sam Olson
|
Batting: SHB Manuel Jiménez
|
0-0: Fly out, F9 (Line Drive, 9)
|
|
|
Batting: RHB William Robinson
|
0-0: Ground out U3 (Groundball, 3S)
|
Batting: LHB Emílio Montoya
|
0-0: Ball 1-0: Called Strike 1-1: Swinging Strike 1-2: Foul Ball, location: 2F 1-2: Foul Ball, location: 2F 1-2: Ball 2-2: Strikes out swinging
|
Bottom of the 2nd over - 0 run(s), 0 hit(s), 0 error(s), 0 left on base; Evanston 0 - Minnesota 3 |
TOP OF THE 3RD |
Evanston Elitists batting - Pitching for Minnesota Death Stars : LHP Will Chapman
|
Batting: RHB Miguel Toro
|
0-0: Swinging Strike 0-1: Ball 1-1: Ground out 4-3 (Groundball, 4)
|
Batting: RHB Ron Newcombe
|
0-0: Ball 1-0: Ball 2-0: Called Strike 2-1: Called Strike 2-2: Strikes out swinging
|
Batting: RHB Jorge Calderón
|
0-0: Called Strike 0-1: Foul Ball, location: 2F 0-2: Ball 1-2: Foul Ball, location: 2F 1-2: Strikes out looking
|
Top of the 3rd over - 0 run(s), 0 hit(s), 0 error(s), 0 left on base; Evanston 0 - Minnesota 3 |
BOTTOM OF THE 3RD |
Minnesota Death Stars batting - Pitching for Evanston Elitists : LHP Sam Olson
|
Batting: RHB Sidney Smith
|
0-0: Called Strike 0-1: Called Strike 0-2: Strikes out swinging, 2-3 out at first.
|
Batting: RHB Sean White
|
0-0: Called Strike 0-1: Ground out 6-3 (Groundball, 56)
|
Batting: LHB William Harris
|
0-0: Called Strike 0-1: Swinging Strike 0-2: Strikes out swinging
|
Bottom of the 3rd over - 0 run(s), 0 hit(s), 0 error(s), 0 left on base; Evanston 0 - Minnesota 3 |
TOP OF THE 4TH |
Evanston Elitists batting - Pitching for Minnesota Death Stars : LHP Will Chapman
|
Batting: LHB Ronald Gordon
|
0-0: Ball 1-0: Foul Ball, location: 2F 1-1: Foul Ball, location: 2F 1-2: Ball 2-2: Strikes out swinging
|
Batting: SHB Jacob Wilcox
|
0-0: Swinging Strike 0-1: Ball 1-1: Called Strike 1-2: Foul Ball, location: 2F 1-2: Strikes out swinging
|
Batting: LHB Jean-Sébastien Beaudin
|
0-0: Called Strike 0-1: Swinging Strike 0-2: Strikes out swinging
|
Top of the 4th over - 0 run(s), 0 hit(s), 0 error(s), 0 left on base; Evanston 0 - Minnesota 3 |
BOTTOM OF THE 4TH |
Minnesota Death Stars batting - Pitching for Evanston Elitists : LHP Sam Olson
|
Batting: RHB José Chávez
|
0-0: Ball 1-0: Called Strike 1-1: Ball 2-1: Called Strike 2-2: Ground out 4-3 (Groundball, 4)
|
Batting: RHB Manuel Cintrón
|
0-0: Hit by Pitch
|
Batting: RHB Alfonso Reyes
|
0-0: Ball 1-0: Grounds into double play, 6-4-3 (Groundball, 6)
|
Bottom of the 4th over - 0 run(s), 0 hit(s), 0 error(s), 0 left on base; Evanston 0 - Minnesota 3 |
TOP OF THE 5TH |
Evanston Elitists batting - Pitching for Minnesota Death Stars : LHP Will Chapman
|
Batting: RHB Henry Morris
|
0-0: Ball 1-0: Foul Ball, location: 2F 1-1: Ball 2-1: Ball 3-1: Reached on error, E1 (Groundball, P)
|
Batting: RHB Jerry Browning
|
0-0: SINGLE (Line Drive, 34D) Henry Morris to third
|
Batting: LHB Alberto Varela
|
0-0: Ball 1-0: Swinging Strike 1-1: Foul Ball, location: 2F 1-2: Ball 2-2: Fielders Choice at 2nd, 6-4 (Groundball, 6) Henry Morris scores
|
Batting: RHB Miguel Toro
|
0-0: Ball 1-0: Ball 2-0: Ball 3-0: Called Strike 3-1: Called Strike 3-2: Foul Ball, location: 2F 3-2: Foul Ball, location: 2F 3-2: Foul Ball, location: 2F 3-2: Base on Balls Alberto Varela to second
|
Batting: RHB Ron Newcombe
|
0-0: Called Strike Alberto Varela steals 3rd base Miguel Toro to second 0-1: Ball 1-1: Ball 2-1: Ball 3-1: Base on Balls
|
Batting: RHB Jorge Calderón
|
0-0: Called Strike 0-1: Grounds into double play, 3-6-3 (Groundball, 3)
|
Top of the 5th over - 1 run(s), 1 hit(s), 1 error(s), 2 left on base; Evanston 1 - Minnesota 3 |
BOTTOM OF THE 5TH |
Minnesota Death Stars batting - Pitching for Evanston Elitists : LHP Sam Olson
|
Batting: SHB Manuel Jiménez
|
0-0: Ball 1-0: Called Strike 1-1: Bunted foul 1-2: Ground out 6-3 (Groundball, 6)
|
Batting: RHB William Robinson
|
0-0: Called Strike 0-1: Ground out 4-3 (Groundball, 4)
|
Batting: LHB Emílio Montoya
|
0-0: Foul Ball, location: 2F 0-1: Ball 1-1: Called Strike 1-2: Strikes out looking
|
Bottom of the 5th over - 0 run(s), 0 hit(s), 0 error(s), 0 left on base; Evanston 1 - Minnesota 3 |
TOP OF THE 6TH |
Evanston Elitists batting - Pitching for Minnesota Death Stars : LHP Will Chapman
|
Pitching: RHP Alfredo Cabral
|
|
Batting: LHB Ronald Gordon
|
0-0: Swinging Strike 0-1: Ball 1-1: Ball 2-1: Ball 3-1: Base on Balls
|
Batting: SHB Jacob Wilcox
|
0-0: Ball 1-0: Ball 2-0: Fly out, F8 (Line Drive, 8LM)
|
Batting: LHB Jean-Sébastien Beaudin
|
0-0: Foul Ball, location: 2F 0-1: Ball 1-1: Called Strike 1-2: Strikes out swinging
|
Batting: RHB Henry Morris
|
0-0: Called Strike 0-1: Swinging Strike 0-2: Fielders Choice at 2nd, 4-6 (Groundball, 4)
|
Top of the 6th over - 0 run(s), 0 hit(s), 0 error(s), 0 left on base; Evanston 1 - Minnesota 3 |
BOTTOM OF THE 6TH |
Minnesota Death Stars batting - Pitching for Evanston Elitists : LHP Sam Olson
|
Batting: RHB Sidney Smith
|
0-0: Foul Ball, location: 2F 0-1: Swinging Strike 0-2: Ball 1-2: Strikes out swinging
|
Batting: RHB Sean White
|
0-0: Ground out 5-3 (Groundball, 56)
|
Batting: LHB William Harris
|
0-0: Ball 1-0: Swinging Strike 1-1: Swinging Strike 1-2: Ball 2-2: Strikes out swinging
|
Bottom of the 6th over - 0 run(s), 0 hit(s), 0 error(s), 0 left on base; Evanston 1 - Minnesota 3 |
TOP OF THE 7TH |
Evanston Elitists batting - Pitching for Minnesota Death Stars : RHP Alfredo Cabral
|
Batting: RHB Jerry Browning
|
0-0: Called Strike 0-1: Ball 1-1: Ball 2-1: Fly out, F9 (Flyball, 9)
|
Batting: LHB Alberto Varela
|
0-0: Called Strike 0-1: Ball 1-1: Swinging Strike 1-2: Ball 2-2: Foul Ball, location: 2F 2-2: Strikes out swinging
|
Batting: RHB Miguel Toro
|
0-0: Fly out, F8 (Flyball, 8LS)
|
Top of the 7th over - 0 run(s), 0 hit(s), 0 error(s), 0 left on base; Evanston 1 - Minnesota 3 |
BOTTOM OF THE 7TH |
Minnesota Death Stars batting - Pitching for Evanston Elitists : LHP Sam Olson
|
Batting: RHB José Chávez
|
0-0: Foul Ball, location: 2F 0-1: Called Strike 0-2: Ball 1-2: Ground out 3-1 (Groundball, 34)
|
Batting: RHB Manuel Cintrón
|
0-0: Called Strike 0-1: Swinging Strike 0-2: Hit by Pitch
|
Batting: RHB Alfonso Reyes
|
0-0: Ball 1-0: Foul Ball, location: 2F 1-1: SINGLE (Groundball, 25) (infield hit) Manuel Cintrón to second
|
Pitching: RHP José Padilla
|
|
Pinch Hitting: RHB Alfredo Villegas
|
0-0: Swinging Strike 0-1: Ball 1-1: Swinging Strike 1-2: Strikes out swinging
|
Pinch Hitting: LHB Tim Griffith
|
0-0: Swinging Strike 0-1: Called Strike 0-2: Strikes out looking
|
Bottom of the 7th over - 0 run(s), 1 hit(s), 0 error(s), 2 left on base; Evanston 1 - Minnesota 3 |
TOP OF THE 8TH |
Evanston Elitists batting - Pitching for Minnesota Death Stars : RHP Alfredo Cabral
|
Now at 2B: Alfredo Villegas
|
|
Now in CF: Tim Griffith
|
|
Batting: RHB Ron Newcombe
|
0-0: Called Strike 0-1: Swinging Strike 0-2: Strikes out looking
|
Batting: RHB Jorge Calderón
|
0-0: Foul Ball, location: 2F 0-1: Ball 1-1: Foul Ball, location: 2F 1-2: Foul Ball, location: 2F 1-2: Ground out 6-3 (Groundball, 6M)
|
Batting: LHB Ronald Gordon
|
0-0: Ball 1-0: Ball 2-0: Ball 3-0: Called Strike 3-1: Called Strike 3-2: Fly out, F7 (Flyball, 7)
|
Top of the 8th over - 0 run(s), 0 hit(s), 0 error(s), 0 left on base; Evanston 1 - Minnesota 3 |
BOTTOM OF THE 8TH |
Minnesota Death Stars batting - Pitching for Evanston Elitists : RHP José Padilla
|
Batting: LHB Emílio Montoya
|
0-0: Called Strike 0-1: Ball 1-1: Ground out 6-3 (Groundball, 6)
|
Batting: RHB Sidney Smith
|
0-0: Foul Ball, location: 2F 0-1: Foul Ball, location: 2F 0-2: Ball 1-2: Strikes out swinging
|
Batting: RHB Sean White
|
0-0: Ball 1-0: Ball 2-0: Foul Ball, location: 2F 2-1: Ball 3-1: Foul Ball, location: 2F 3-2: Strikes out swinging
|
Bottom of the 8th over - 0 run(s), 0 hit(s), 0 error(s), 0 left on base; Evanston 1 - Minnesota 3 |
TOP OF THE 9TH |
Evanston Elitists batting - Pitching for Minnesota Death Stars : RHP Alfredo Cabral
|
Pitching: RHP Raymond Gibbons
|
|
Batting: SHB Jacob Wilcox
|
0-0: Called Strike 0-1: Ball 1-1: Foul Ball, location: 2F 1-2: Hit by Pitch
|
Batting: LHB Jean-Sébastien Beaudin
|
0-0: Ball 1-0: Called Strike 1-1: Called Strike 1-2: Strikes out swinging
|
Pinch Hitting: LHB Javier Mejía
|
0-0: Ball 1-0: SINGLE (Groundball, 34D) Jacob Wilcox to second Runner from 2nd tries for 3rd, SAFE, throw made to third Javier Mejía to second
|
Batting: RHB Jerry Browning
|
0-0: Ball 1-0: Called Strike 1-1: Ball 2-1: SINGLE (Line Drive, 78S) Jacob Wilcox scores Javier Mejía to third Runner from 3rd tries for Home, SAFE, no throw
|
Batting: LHB Alberto Varela
|
0-0: Ball 1-0: Ball 2-0: Called Strike 2-1: Foul Ball, location: 2F 2-2: Strikes out looking
|
Batting: RHB Miguel Toro
|
0-0: Called Strike 0-1: Ball 1-1: Ball 2-1: Ground out 1-3 (Groundball, 15S)
|
Top of the 9th over - 2 run(s), 2 hit(s), 0 error(s), 1 left on base; Evanston 3 - Minnesota 3 |
BOTTOM OF THE 9TH |
Minnesota Death Stars batting - Pitching for Evanston Elitists : RHP José Padilla
|
Pitching: LHP Wilson Ramos
|
|
Now at 1B: Javier Mejía
|
|
Pinch Hitting: RHB Earl Godwin
|
0-0: Ball 1-0: Swinging Strike 1-1: Foul Ball, location: 2F 1-2: Ground out 5-3 (Groundball, 56)
|
Pitching: LHP Gregory Thompson
|
|
Pinch Hitting: RHB Vaughan Tillman
|
0-0: Foul Ball, location: 2F 0-1: Foul Ball, location: 2F 0-2: Ball 1-2: Ball 2-2: Foul Ball, location: 2F 2-2: Strikes out swinging
|
Batting: RHB Manuel Cintrón
|
0-0: SINGLE (Flyball, 89S)
|
Pinch Hitting: RHB Pat McDonald
|
0-0: Ball Manuel Cintrón is caught stealing 2nd base
|
Bottom of the 9th over - 0 run(s), 1 hit(s), 0 error(s), 0 left on base; Evanston 3 - Minnesota 3 |
TOP OF THE 10TH |
Evanston Elitists batting - Pitching for Minnesota Death Stars : RHP Raymond Gibbons
|
Now at C: Pat McDonald
|
|
Now at 1B: Shannon Hunter
|
|
Now in RF: Vaughan Tillman
|
|
Pinch Hitting: RHB António Martínez
|
0-0: Swinging Strike 0-1: Ball 1-1: Ball 2-1: Called Strike 2-2: Foul Ball, location: 2F 2-2: Foul Ball, location: 2F 2-2: Ball 3-2: Ground out 5-3 (Groundball, 2L)
|
Batting: RHB Jorge Calderón
|
0-0: Foul Ball, location: 2F 0-1: Ball 1-1: Swinging Strike 1-2: Strikes out swinging
|
Batting: LHB Ronald Gordon
|
0-0: Called Strike 0-1: Ball 1-1: Ball 2-1: Ball 3-1: Called Strike 3-2: Foul Ball, location: 2F 3-2: Fly out, F1 (Popup, 15)
|
Top of the 10th over - 0 run(s), 0 hit(s), 0 error(s), 0 left on base; Evanston 3 - Minnesota 3 |
BOTTOM OF THE 10TH |
Minnesota Death Stars batting - Pitching for Evanston Elitists : LHP Gregory Thompson
|
Now at SS: António Martínez
|
|
Batting: RHB Pat McDonald
|
0-0: Ball 1-0: Foul Ball, location: 2F 1-1: SINGLE (Line Drive, 56)
|
Batting: RHB Alfredo Villegas
|
0-0: Sac Bunt - play at first, batter OUT! U3 Pat McDonald to second
|
Batting: LHB Tim Griffith
|
0-0: Called Strike 0-1: Fly out, F5 (Popup, 5)
|
Batting: LHB Emílio Montoya
|
0-0: Ball 1-0: Fly out, F3 (Popup, 34)
|
Bottom of the 10th over - 0 run(s), 1 hit(s), 0 error(s), 1 left on base; Evanston 3 - Minnesota 3 |
TOP OF THE 11TH |
Evanston Elitists batting - Pitching for Minnesota Death Stars : RHP Raymond Gibbons
|
Pitching: RHP Alfredo Ayala
|
|
Batting: SHB Jacob Wilcox
|
0-0: Called Strike 0-1: Fly out, F7 (Flyball, 78M)
|
Batting: LHB Jean-Sébastien Beaudin
|
0-0: Ball 1-0: Ball 2-0: Called Strike 2-1: Ball 3-1: Foul Ball, location: 2F 3-2: Strikes out swinging
|
Batting: LHB Javier Mejía
|
0-0: Ball 1-0: SINGLE (Groundball, 34D)
|
Batting: RHB Jerry Browning
|
0-0: Fly out, F6 (Popup, 6S)
|
Top of the 11th over - 0 run(s), 1 hit(s), 0 error(s), 1 left on base; Evanston 3 - Minnesota 3 |
BOTTOM OF THE 11TH |
Minnesota Death Stars batting - Pitching for Evanston Elitists : LHP Gregory Thompson
|
Batting: RHB Sidney Smith
|
0-0: Swinging Strike 0-1: Called Strike 0-2: Ball 1-2: Foul Ball, location: 2F 1-2: Ball 2-2: Foul Ball, location: 2F 2-2: Strikes out looking
|
Batting: RHB Sean White
|
0-0: Ground out 5-3 (Groundball, 56S)
|
Pinch Hitting: RHB Ryan Williams
|
0-0: Ball 1-0: Foul Ball, location: 2F 1-1: Ball 2-1: Swinging Strike 2-2: Ball 3-2: Foul Ball, location: 2F 3-2: Strikes out looking
|
Bottom of the 11th over - 0 run(s), 0 hit(s), 0 error(s), 0 left on base; Evanston 3 - Minnesota 3 |
TOP OF THE 12TH |
Evanston Elitists batting - Pitching for Minnesota Death Stars : RHP Alfredo Ayala
|
Now at 1B: Donny Boykins
|
|
Batting: LHB Alberto Varela
|
0-0: Ball 1-0: Ball 2-0: Ball 3-0: Called Strike 3-1: Base on Balls
|
Batting: RHB Miguel Toro
|
0-0: Called Strike 0-1: Ball 1-1: Ball 2-1: Foul Ball, location: 2F 2-2: Ball 3-2: SINGLE (Groundball, 6) (infield hit) Alberto Varela to second
|
Batting: RHB António Martínez
|
0-0: Ball 1-0: Called Strike 1-1: Called Strike 1-2: Grounds into double play, 6-4-3 (Groundball, 6) Alberto Varela to third
|
Batting: RHB Jorge Calderón
|
0-0: Ball 1-0: Foul Ball, location: 2F 1-1: Foul Ball, location: 2F 1-2: Foul Ball, location: 2F 1-2: Ball 2-2: Foul Ball, location: 2F 2-2: DOUBLE (Line Drive, 7LM) Alberto Varela scores
|
Pitching: LHP Kurt Brown
|
|
Batting: LHB Ronald Gordon
|
0-0: Called Strike 0-1: Swinging Strike 0-2: Strikes out looking
|
Top of the 12th over - 1 run(s), 2 hit(s), 0 error(s), 1 left on base; Evanston 4 - Minnesota 3 |
BOTTOM OF THE 12TH |
Minnesota Death Stars batting - Pitching for Evanston Elitists : LHP Gregory Thompson
|
Pitching: RHP Pablo Lima
|
|
Batting: RHB Vaughan Tillman
|
0-0: Ball 1-0: Swinging Strike 1-1: Swinging Strike 1-2: Strikes out swinging
|
Batting: RHB Manuel Cintrón
|
0-0: Ball 1-0: Called Strike 1-1: Called Strike 1-2: Strikes out swinging
|
Batting: RHB Pat McDonald
|
0-0: Called Strike 0-1: Foul Ball, location: 2F 0-2: Strikes out looking
|
Bottom of the 12th over - 0 run(s), 0 hit(s), 0 error(s), 0 left on base; Evanston 4 - Minnesota 3 |
|
Tuesday, August 8th, 2017 - OOTP Baseball 17.12 Build 75
|
|